 Dungeon Crawl Stone Soup version 0.31.0-32-g396128a36d (webtiles) character file.

Game seed: 16796053696841755266

2637 Doomgape the Summoner (level 9, -3/60 (62) HPs)
             Began as a Hill Orc Summoner on Mar 8, 2024.
             Was a Believer of Sif Muna.
             Slain by a laughing skull (14 damage)
             ... on level 2 of the Abyss.
             The game lasted 00:39:38 (7658 turns).

Doomgape the Summoner (Hill Orc Summoner)           Turns: 7658, Time: 00:39:39

HP:   -3/60 (62)    AC:  4    Str: 11    XL:     9   Next: 61%
MP:   16/16         EV: 18    Int: 19    God:    Sif Muna [**....]
Gold: 382           SH:  0    Dex: 11    Spells: 4/18 levels left

rFire   + . .        q - +1 dagger (venom)
rCold   + . .        (no shield)
rNeg    . . .        a - +0 robe
rPois   .            j - +1 helmet
rElec   .            o - scarf {rC+ rF+}
rCorr   .            (no gloves)
SInv    .            (no boots)
Will    .....        (no amulet)
Stlth   +++          k - +5 ring of evasion
HPRegen 0.30/turn    l - ring of wizardry
MPRegen 0.15/turn

%: wizardry (x1)
@: about to teleport, lightly drained
A: no striking features
a: Renounce Religion, Channel Magic


You were on level 2 of the Abyss.
You worshipped Sif Muna.
Sif Muna was pleased with you.
You visited 2 branches of the dungeon, and saw 8 of its levels.
You visited the Abyss 1 time.

You collected 382 gold pieces.

Inventory:

Hand Weapons
 q - a +1 dagger of venom (weapon)
 s - a +0 morningstar
Armour
 a - a +0 robe (worn)
 j - a +1 helmet (worn)
 o - a scarf of resistance (worn)
Jewellery
 k - a +5 ring of evasion (left hand)
 l - a ring of wizardry (right hand)
 p - a +6 ring of strength
 t - a +5 ring of evasion
 B - a ring of positive energy
Wands
 m - a wand of paralysis (11)
 v - a wand of polymorph (13)
Scrolls
 d - 6 scrolls of teleportation
 f - 3 scrolls of revelation
 h - 7 scrolls of identify
 w - a scroll of fear
 x - a scroll of immolation
 A - 3 scrolls of torment
Potions
 b - a potion of magic
 c - 2 potions of brilliance
 e - 2 potions of heal wounds
 g - 4 potions of curing {unknown}
 i - 3 potions of lignification {unknown}
 n - 3 potions of attraction {unknown}
 r - 2 potions of haste {unknown}
 u - a potion of berserk rage {unknown}
 z - a potion of enlightenment {unknown}


   Skills:
 - Level 5.5 Dodging
 + Level 4.5 Stealth
 - Level 5.1 Spellcasting
 + Level 8.7 Summonings


You had 4 spell levels left.
You knew the following spells:

 Your Spells              Type           Power      Damage    Failure   Level
a - Summon Small Mammal   Summ           100%       N/A       1%          1
b - Call Imp              Summ           76%        N/A       1%          2
c - Call Canine Familiar  Summ           38%        N/A       1%          3
d - Summon Lightning Spi  Summ/Air       21%        N/A       9%          4
e - Summon Blazeheart Go  Fire/Summ      21%        N/A       9%          4

Your spell library contained the following spells:

 Spells                   Type           Power      Damage    Failure   Level
 Apportation              Tloc           8%         N/A       4%          1
 Necrotise                Necr           16%        1d4       4%          1
 Sting                    Conj/Alch      16%        1d4       4%          1


Dungeon Overview and Level Annotations

Branches:
Dungeon (7/15)             Temple (1/1) D:4

Altars:
Ashenzari
Cheibriados
Dithmenos
Elyvilon
Gozag
Hepliaklqana
Kikubaaqudgha
Makhleb
Nemelex Xobeh
Okawaru
Qazlal
Ru
Sif Muna
Trog
Uskayaw
Vehumet
Wu Jian
Yredelemnul
Zin
The Shining One

Shops:
D:5 :   D:6 *


Message History

The fireball explodes!
The fireball engulfs you! You resist.
You hear a hideous shriek!
A laughing skull comes into view.
The laughing skull gives a hideous shriek!
The laughing skull lets out a vicious peal of laugher.
The bolt of negative energy hits you!!
You feel drained.
There is an open door here.
The laughing skull attacks as it pursues you!
The laughing skull headbutts you! The laughing skull closely misses you.
The laughing skull attacks as it pursues you!
The laughing skull misses you. The laughing skull headbutts you!
* * * LOW HITPOINT WARNING * * *
The laughing skull gibbers with scorn.
The bolt of negative energy misses you.
Unknown command.
The efreet gestures at you.
The fireball explodes!
The fireball engulfs the laughing skull.
The laughing skull resists.
The fireball engulfs you! You resist.
* * * LOW HITPOINT WARNING * * *
You hear a bark!
The laughing skull completely misses you.
Unknown command.
As you read the scroll of teleportation, it crumbles to dust.
You feel strangely unstable.
You feel the power of the Abyss delaying your translocation!
The laughing skull headbutts you but does no damage.
Unknown command.
You feel much better. The laughing skull headbutts you.
The laughing skull cackles madly at the inevitable fate of oblivion.
The laughing skull headbutts you. The efreet gestures at you.
The bolt of fire hits the laughing skull.
The laughing skull resists.
The bolt of fire hits you! You resist.
* * * LOW HITPOINT WARNING * * *
The laughing skull attacks as it pursues you!
The laughing skull headbutts you!
You die...
The laughing skull crumbles to pieces from sheer joy.

## #. ## #. ##.#
#. # ...### # #.
. #####..○.#.#
##.#. #...
..#○#○.##
#....#######○°.##
.##
#.@#....R.#.##.
.##
#.#z.######.#.
#..# #...## #.#.
#R#. .....## .#.
.☼.# ..###.# #.
.... . #.# #. .
.#.○ ## .# # . °
#. .~ # #.


You could see a laughing skull.

Vanquished Creatures
  Eustachio (D:6)
  Edmund (D:5)
  2 orc warriors
  An ice beast (D:6)
  An ogre (D:4)
  A wight (D:6)
  2 hounds
  An orc priest (D:4)
  A sleepcap (D:6)
  An iguana (D:6)
  4 orc wizards
  3 gnolls (D:6)
  2 adders
  A white imp (D:7)
  A dart slug (D:2)
  2 ribbon worms
  9 orcs
  An endoplasm (D:3)
  3 goblins
  A hobgoblin (D:2)
  3 quokkas
  4 bats
  2 frilled lizards (D:3)
  2 kobolds
  A rat (D:2)
51 creatures vanquished.

Vanquished Creatures (collateral kills)
  Sigmund (D:4)
  An ice beast (D:6)
  A sky beast (D:7)
  An ogre (D:6)
  A phantom (D:5)
  2 bullfrogs (D:7)
  2 scorpions
  3 wights (D:6)
  4 howler monkeys (D:7)
  6 hounds
  A gnoll bouda (D:6)
  5 jellies
  An orc priest (D:6)
  4 gnolls (D:6)
  3 adders
  A dart slug (D:1)
  4 ribbon worms
  9 orcs
  4 endoplasms
  A giant cockroach (D:3)
  6 goblins
  3 hobgoblins
  4 kobolds
  A ball python (D:4)
  A bat (D:1)
  A frilled lizard (D:2)
  3 rats (D:1)
74 creatures vanquished.

Vanquished Creatures (others)
  An orc wizard (D:6)
1 creature vanquished.

Grand Total: 126 creatures vanquished

Notes
Turn   | Place    | Note
-------+----------+-------------------------------------------
     0 | D:1      | Doomgape the Hill Orc Summoner began the quest for the Orb.
     0 | D:1      | Reached XP level 1. HP: 14/14 MP: 3/3
   240 | D:1      | Reached XP level 2. HP: 20/20 MP: 1/4
  1474 | D:1      | Learned a level 2 spell: Call Imp
  1483 | D:2      | Reached XP level 3. HP: 26/26 MP: 2/5
  1926 | D:3      | Found a sparkling altar of Nemelex Xobeh.
  1926 | D:3      | Found a hide-covered altar of Uskayaw.
  1926 | D:3      | Found a radiant altar of Vehumet.
  1946 | D:3      | Found a stormy altar of Qazlal.
  1946 | D:3      | Found an opulent altar of Gozag.
  1946 | D:3      | Found an iron altar of Okawaru.
  1950 | D:3      | Found a snail-covered altar of Cheibriados.
  1950 | D:3      | Found a broken altar of Ashenzari.
  1951 | D:3      | Found a sacrificial altar of Ru.
  1952 | D:3      | Found a basalt altar of Yredelemnul.
  1952 | D:3      | Found a white marble altar of Elyvilon.
  2116 | D:3      | Reached XP level 4. HP: 21/33 MP: 3/7
  2249 | D:3      | Noticed a golden eye
  2251 | D:3      | Found a faded altar of an unknown god.
  2253 | D:3      | Noticed a great orb of eyes
  2259 | D:3      | Noticed a great orb of eyes
  2263 | D:3      | Noticed a shining eye
  2625 | D:3      | Reached XP level 5. HP: 38/38 MP: 8/8
  2780 | D:4      | Found a staircase to the Ecumenical Temple.
  2799 | Temple   | Entered the Ecumenical Temple
  2813 | Temple   | Became a worshipper of Sif Muna the Loreminder
  2961 | D:4      | Reached skill level 5 in Summonings
  2962 | D:4      | Noticed an orc warrior
  3054 | D:4      | Reached XP level 6. HP: 32/45 MP: 3/10
  3153 | D:3      | Learned a level 3 spell: Call Canine Familiar
  3757 | D:4      | Noticed Sigmund
  3765 | D:4      | Killed Sigmund
  3831 | D:4      | Reached XP level 7. HP: 50/50 MP: 7/11
  3838 | D:4      | Found a glowing golden altar of the Shining One.
  4045 | D:3      | Learned a level 4 spell: Summon Lightning Spire
  4542 | D:5      | Entered Level 5 of the Dungeon
  4610 | D:5      | Reached skill level 6 in Summonings
  4612 | D:5      | Found Liumee's Self-Published Books.
  4797 | D:5      | Reached * piety under Sif Muna
  4798 | D:5      | Reached XP level 8. HP: 52/57 MP: 10/14
  4820 | D:5      | Noticed Edmund
  4874 | D:5      | Killed Edmund
  5198 | D:5      | Learned a level 4 spell: Summon Blazeheart Golem
  5354 | D:6      | Found Jaon's General Store.
  5645 | D:6      | Reached skill level 5 in Dodging
  5670 | D:6      | Reached skill level 7 in Summonings
  6063 | D:6      | Noticed Eustachio
  6094 | D:6      | Killed Eustachio
  6095 | D:6      | Reached skill level 5 in Spellcasting
  6095 | D:6      | Reached XP level 9. HP: 47/62 MP: 11/16
  6389 | D:6      | Reached skill level 8 in Summonings
  6603 | D:6      | Found an ancient bone altar of Kikubaaqudgha.
  6835 | D:7      | Reached ** piety under Sif Muna
  7544 | Abyss:2  | Cast into level 2 of the Abyss (kobold brigand)
  7633 | Abyss:2  | Noticed an efreet
  7658 | Abyss:2  | Slain by a laughing skull

Illustrated notes

Levels and vault maps discovered:
D:1:      lemuel_arrival_broad_hall, layout_loops_ring
D:2:      layout_basic
D:3:      minmay_angry_zag, layout_loops_cross, nicolae_overflows_in_rows,
          hellmonk_ecumenical_altar_watching_god
D:4:      layout_loops_corners, nicolae_tso_swordbearing_angel,
          minmay_temple_entry_large_hall, guppyfry_early_orc_mine, uniq_sigmund
D:5:      layout_cave_pools, corexii_corridor_pit, nicolae_custom_books,
          solitary_fountain, uniq_edmund
D:6:      layout_gridville, mainiacjoe_overflow_surrounded_room, serial_shops,
          nicolae_take_the_stairs, uniq_eustachio
D:7:      minmay_the_grid_triangle_9x9_rhombus_full
          [minmay_the_grid_triangle_9x9_windchime,
          minmay_the_grid_triangle_9x9_corruption,
          minmay_the_grid_triangle_9x9_descending_squares,
          minmay_the_grid_triangle_9x9_wacky_v,
          minmay_the_grid_triangle_9x9_dagger,
          minmay_the_grid_triangle_9x9_semitri,
          minmay_the_grid_triangle_9x9_limited_checkers,
          minmay_the_grid_triangle_9x9_prize_schism], layout_rooms,
          fedhas_altar_2, serial_aquarium, aquarium_bridge_long_joined
          [aquarium_subvault_wall, aquarium_subvault_window,
          aquarium_subvault_wall, aquarium_subvault_bridge,
          aquarium_subvault_bridge, aquarium_subvault_bridge],
          aquarium_window_fake, aquarium_window_fake, aquarium_window_1,
          aquarium_window_2, aquarium_view_2f, minivault_10
Temple:   nicolae_temple_great_sept
Abyss:2:  base: D:4, evilmike_abyss_exit_7

Skill      XL: |  1  2  3  4  5  6  7  8  9 |
---------------+----------------------------+-----
Stealth        | 2 4 |  4.5
Dodging        | 2 3 4 5 |  5.5
Spellcasting   | 2 3 4 5 |  5.1
Summonings     | 5 6 7 8 |  8.7

Action                     |  1- 3 |  4- 6 |  7- 9 || total
---------------------------+-------+-------+-------++-------
  Melee: Short sword       |    46 |       |       ||    46
         Punch             |     1 |       |     1 ||     2
         Dagger            |     9 |    65 |   166 ||   240
         Morningstar       |       |     1 |     1 ||     2
   Cast: Summon Small Mamm |    49 |    19 |    13 ||    81
         Call Imp          |     8 |    21 |    39 ||    68
         Call Canine Famil |       |     4 |    25 ||    29
         Summon Lightning  |       |       |     2 ||     2
  Evoke: Wand              |     1 |       |     1 ||     2
    Use: Scroll            |     3 |     2 |     6 ||    11
         Potion            |       |     1 |     1 ||     2
   Stab: Sleeping          |       |     3 |       ||     3
         Distracted        |       |       |     4 ||     4
         Paralysed         |       |       |     1 ||     1
 Armour: Robe              |    30 |    42 |    90 ||   162
  Dodge: Dodged            |    69 |   103 |   231 ||   403
